 Dungeon Crawl Stone Soup version 0.31-a0-233-g139696dc86 (webtiles) character file.

Game seed: 17575858550391456579

1892 olmar the Protected (level 8, 0/78 HPs)
             Began as an Armataur Fighter on July 8, 2023.
             Was an Initiate of Gozag.
             Slain by a tentacled starspawn (11 damage)
             ... on level 1 of the Abyss.
             The game lasted 00:07:58 (4649 turns).

olmar the Protected (Armataur Fighter)              Turns: 4649, Time: 00:07:59

Health: 0/78       AC: 13    Str: 23    XL:     8   Next: 93%
Magic:  9/17       EV:  7    Int:  7    God:    Gozag
Gold:   419        SH:  5    Dex: 10    Spells: 7/7 levels left

rFire   . . .        a - +3 flail
rCold   . . .        c - +0 buckler
rNeg    . . .        q - +4 scale mail
rPois   +            (no helmet)
rElec   .            (no cloak)
rCorr   .            s - +0 pair of gloves
SInv    .            (no barding)
Will    .....        (no amulet) Stlth
                     r - ring of magical power
HPRegen 0.33/turn    (no ring)
MPRegen 0.15/turn

%: roll
@: mighty
A: large, rugged brown scales 3, deformed body, armoured tail, roll, long
tongue, awkward tongue, dopey 1, poison resistance, robust 1
a: Renounce Religion, Potion Petition, Call Merchant, Bribe Branch


You were on level 1 of the Abyss.
You worshipped Gozag.
Gozag was aware of your devotion.
You visited 1 branch of the dungeon, and saw 6 of its levels.
You visited the Abyss 1 time.

You collected 490 gold pieces.
You paid 71 gold pieces to Gozag.

Inventory:

Hand Weapons
 a - a +3 flail (weapon)
 v - a +0 short sword
Missiles
 e - 3 boomerangs
 w - a throwing net
 A - 5 poisoned darts
Armour
 b - a +0 scale mail
 c - a +0 buckler (worn)
 q - a +4 scale mail (worn)
 s - a +0 pair of gloves (worn)
 t - a +0 helmet
Jewellery
 n - a ring of poison resistance
 r - a ring of magical power (left hand)
Scrolls
 g - 2 scrolls of fear
 o - 2 scrolls of vulnerability
 x - a scroll of summoning {unknown}
 y - a scroll of teleportation
Potions
 d - a potion of might
 j - a potion of resistance
 k - a potion of lignification
 m - a potion of enlightenment
 u - a potion of attraction
 z - a potion of curing


   Skills:
 + Level 4.8 Fighting
 + Level 6.7 Maces & Flails
 + Level 8.5 Armour
 - Level 0.1 Dodging
 + Level 5.5 Shields
 + Level 2.2 Evocations


You had 7 spell levels left.
You didn't know any spells.
Your spell library contained the following spells:

 Spells                   Type           Power      Damage    Failure   Level
 Vhi's Electric Charge    Tloc/Air       0%         N/A       98%         3
 Arcjolt                  Conj/Air       0%         1d10      100%        5
 Maxwell's Capacitive Co  Air            0%         ∞         100%        8


Dungeon Overview and Level Annotations

Branches:
Dungeon (6/15)
 Temple: D:4-7

Altars:
Ashenzari
Elyvilon
Gozag
Kikubaaqudgha
Qazlal
Ru

Shops:
D:5 (

Annotations:
D:3 2 runed translucent doors, ForestMusic's ghost, amateur MiBe


Innate Abilities, Weirdness & Mutations

You are completely covered in rugged brown scales. (AC +3, +7% HP)
Armour fits poorly on your strangely shaped body.
You have a long armoured tail.
You roll when moving toward enemies. (Rampage)
Your long tongue fully drains potion bottles. (2x potion effects)
Your tongue gives you trouble enunciating. (1.5x scroll delay)
You are dopey. (Int -2)
Your system is resistant to poisons. (rPois)
You are robust. (+10% HP)


Message History

r - a ring of magical power (left hand) Blink to where?
Press: ? - help, Dir - move target
Found a corrupted altar of Lugonu.
Found a gateway leading deeper into the Abyss.
As you slowly read the scroll labelled LATHRY YDOUME, it crumbles to dust.
It was a scroll of blinking.
You sock the tentacled starspawn!
Your tail-slap misses the tentacled starspawn.
The tentacled starspawn is lightly damaged.
Tentacles burst from the starspawn's body! 2 starspawn tentacles come into view.
Unknown command.
You aren't carrying any items that you can evoke.
You feel very mighty all of a sudden.
You slurp down every last drop of the potion of might!
A spriggan defender simulacrum comes into view.
The tentacled starspawn bites you!!
The tentacled starspawn barely misses you.
Unknown command.
You feel much better.
You slurp down every last drop of the potion of heal wounds!
You block the tentacled starspawn's attack.
The tentacled starspawn tentacle-slaps you but does no damage.
Unknown command.
You hit the tentacled starspawn. You tail-slap the tentacled starspawn!
The tentacled starspawn is moderately damaged.
The tentacled starspawn bites you!
The tentacled starspawn barely misses you.
Unknown command.
You bludgeon the tentacled starspawn!!
The tentacled starspawn is heavily damaged.
The spriggan defender simulacrum hits you.
The spriggan defender simulacrum freezes you!!
* * * LOW HITPOINT WARNING * * *
The tentacled starspawn bites you.
* * * LOW HITPOINT WARNING * * *
The tentacled starspawn tentacle-slaps you!
You die...
Your body crumbles into a pile of gold.

## #.# ..# #
##.####.#
#...#.# # .
#.....# ...
#..Z###....#
.......#@....#
.#
..#.#X#w##.#
#.# .#w.V # #_
#..#.# . ...
#. ##.. #. #..
. .## .


You could see a tentacled starspawn, 2 starspawn tentacles and a spriggan
defender simulacrum.

Vanquished Creatures
  Grinder (D:5)
  Sigmund (D:4)
  Eustachio (D:4)
  Duvessa (D:5)
  2 water moccasins (D:5)
  A black bear (D:6)
  An ice beast (D:5)
  A sky beast (D:6)
  An ogre (D:4)
  A kobold brigand (D:6)
  Blork the orc (D:5)
  A bullfrog (D:6)
  A scorpion (D:4)
  Dowan (D:5)
  2 hounds
  A jelly (D:5)
  A sleepcap (D:5)
  3 iguanas
  An orc wizard (D:3)
  3 gnolls (D:5)
  9 adders
  A white imp (D:6)
  2 ufetubi (D:4)
  A worm (D:3)
  2 dart slugs
  11 orcs
  8 bats
  5 endoplasms
  3 giant cockroaches
  7 goblins
  10 hobgoblins
  6 quokkas
  2 ball pythons
  5 frilled lizards
  6 kobolds
  6 rats
110 creatures vanquished.

Vanquished Creatures (others)
  A quokka (D:5)
1 creature vanquished.

Grand Total: 111 creatures vanquished

Notes
Turn   | Place    | Note
-------+----------+-------------------------------------------
     0 | D:1      | olmar the Armataur Fighter began the quest for the Orb.
     0 | D:1      | Reached XP level 1. HP: 19/19 MP: 1/1
   204 | D:1      | Reached XP level 2. HP: 24/26 MP: 2/2
   495 | D:1      | Reached skill level 4 in Armour
   668 | D:2      | Reached XP level 3. HP: 32/32 MP: 3/3
  1193 | D:3      | Gained mutation: You are dopey. (Int -2) [potion of
                  | mutation]
  1193 | D:3      | Gained mutation: Your magical capacity is low. (-10% MP)
                  | [potion of mutation]
  1193 | D:3      | Gained mutation: Your system is resistant to poisons.
                  | (rPois) [potion of mutation]
  1193 | D:3      | Lost mutation: Your magical capacity is low. (-10% MP)
                  | [potion of mutation]
  1193 | D:3      | Gained mutation: You are robust. (+10% HP) [potion of
                  | mutation]
  1344 | D:3      | Found a large runed translucent door.
  1344 | D:3      | Found a large runed translucent door.
  1345 | D:3      | Noticed ForestMusic's ghost (amateur MiBe)
  1426 | D:3      | Reached XP level 4. HP: 44/44 MP: 4/4
  1915 | D:4      | Reached XP level 5. HP: 19/52 MP: 5/5
  1940 | D:4      | Noticed an ogre
  2124 | D:4      | Noticed an ogre
  2358 | D:4      | Noticed Sigmund
  2358 | D:4      | Noticed Eustachio
  2396 | D:4      | Reached skill level 5 in Armour
  2423 | D:5      | Entered Level 5 of the Dungeon
  2454 | D:5      | Noticed a water moccasin
  2490 | D:5      | Killed a water moccasin
  2491 | D:5      | Reached XP level 6. HP: 18/59 MP: 6/6
  2719 | D:5      | Noticed Grinder
  2740 | D:5      | Killed Grinder
  2741 | D:5      | Reached XP level 7. HP: 67/67 MP: 7/7
  2755 | D:5      | Found an opulent altar of Gozag.
  2795 | D:5      | Became a worshipper of Gozag Ym Sagoz the Greedy
  2836 | D:5      | Noticed Blork the orc
  2850 | D:5      | Killed Blork the orc
  2851 | D:5      | Reached skill level 5 in Maces & Flails
  2851 | D:5      | Reached skill level 6 in Armour
  3139 | D:5      | Noticed Dowan
  3140 | D:5      | Noticed Duvessa
  3149 | D:5      | Killed Duvessa
  3150 | D:5      | Reached skill level 1 in Evocations
  3163 | D:5      | Killed Dowan
  3167 | D:5      | Reached XP level 8. HP: 46/77 MP: 8/8
  3352 | D:5      | Found a stormy altar of Qazlal.
  3423 | D:5      | Found a sacrificial altar of Ru.
  3493 | D:5      | Reached skill level 7 in Armour
  3513 | D:5      | Found a white marble altar of Elyvilon.
  3530 | D:5      | Noticed a +0 rapier
  3541 | D:5      | Found an ancient bone altar of Kikubaaqudgha.
  3595 | D:5      | Found Arucousk's Weapon Emporium.
  3597 | D:5      | Noticed a +0 demon trident
  3770 | D:4      | Killed Eustachio
  3771 | D:4      | Reached skill level 5 in Shields
  4008 | D:4      | Killed Sigmund
  4408 | D:6      | Reached skill level 8 in Armour
  4571 | D:6      | Found a broken altar of Ashenzari.
  4612 | Abyss:1  | Cast into level 1 of the Abyss (orc)
  4642 | Abyss:1  | Found a corrupted altar of Lugonu.
  4643 | Abyss:1  | Found a corrupted altar of Lugonu.
  4643 | Abyss:1  | Noticed a tentacled starspawn
  4643 | Abyss:1  | Found a corrupted altar of Lugonu.
  4646 | Abyss:1  | Noticed a spriggan defender simulacrum
  4649 | Abyss:1  | Slain by a tentacled starspawn

Illustrated notes

Levels and vault maps discovered:
D:1:      wander_arrival_desolate, layout_basic
D:2:      layout_loops_cross
D:3:      layout_basic, ebering_ghost_disaster_area
D:4:      layout_cave_pools, uniq_eustachio, uniq_sigmund
D:5:      layout_gridville, elyvilon_altar_4, nicolae_ru_sacrificial_ziggurat,
          lemuel_round_altar, nicolae_gozag_seed_capital,
          nicolae_kikubaaqudgha_miasma_corner, serial_shops,
          nicolae_shop_mannequins, uniq_blork_the_orc, uniq_duvessa,
          uniq_grinder
D:6:      layout_basic, mainiacjoe_overflow_alcove_2,
          minmay_temple_entry_proselytizer, grunt_ministairs_1,
          serial_bayou_pond_c
Abyss:1:  base: Temple, evilmike_abyss_exit_10

Skill      XL: |  1  2  3  4  5  6  7  8 |
---------------+-------------------------+-----
Maces & Flails | 2 3 4 5 6 |  6.7
Armour         | 4 5 6 8 |  8.5
Fighting       | 3 4 |  4.8
Shields        | 4 5 |  5.5
Evocations     | 1 2 |  2.2
Dodging        | |  0.1

Action                     |  1- 3 |  4- 6 |  7- 9 || total
---------------------------+-------+-------+-------++-------
  Melee: Flail             |   128 |   125 |   162 ||   415
         Tailslap          |    10 |     6 |    21 ||    37
  Evoke: Wand              |       |     3 |    10 ||    13
    Use: Scroll            |     6 |     2 |     7 ||    15
         Potion            |     1 |     5 |     6 ||    12
   Stab: Distracted        |       |       |     1 ||     1
 Armour: Scale mail        |    66 |    79 |   119 ||   264
         Skin              |       |    10 |     1 ||    11
  Dodge: Dodged            |    44 |    51 |    67 ||   162
  Block: Buckler           |    24 |    37 |    44 ||   105

Table legend: (Time is in decaauts)
 A = Elapsed time spent in this place.
 B = Non-inter-level travel time spent in this place.
 C = Inter-level travel time spent in this place.
 D = Time resting spent in this place.
 E = Time spent auto-exploring this place.
 F = Levels seen in this place.
 G = Mean time per level.
                   A        B        C        D        E       F      G
               +--------+--------+--------+--------+--------+-----+--------+
         Total |   4753 |   4570 |    183 |    627 |   2735 |   7 |  679.0 |
       Dungeon |   4714 |   4531 |    183 |    627 |   2735 |   6 |  785.7 |
         Abyss |     38 |     38 |      0 |      0 |      0 |   1 |   38.0 |
               +--------+--------+--------+--------+--------+-----+--------+

Top non-repeatable levels by time:
     D:5: 1490 daAuts
     D:3: 947 daAuts
     D:4: 734 daAuts
     D:1: 631 daAuts
     D:2: 561 daAuts
     D:6: 349 daAuts
 Abyss:1: 38 daAuts
